 Seeded DCSS version 0.28-a0-983-g1de4e0787c (webtiles) character file.

Game seed: 1046690638713776861 (custom seed)

212 a11behringer the Cudgeller (level 5, -3/33 HPs)
             Began as a Gargoyle Berserker on Dec 2, 2021.
             Was a Believer of Trog.
             Slain by a killer bee (7 damage)
             ... on level 4 of the Dungeon.
             The game lasted 00:05:49 (3260 turns).

a11behringer the Cudgeller (Gargoyle Berserker)     Turns: 3260, Time: 00:05:49

Health: -3/33      AC: 15    Str: 23    XL:     5   Next: 89%
Magic:  5/5        EV:  7    Int:  7    God:    Trog [**....]
Gold:   124        SH:  0    Dex:  9    Spells: 4/4 levels left

rFire   . . .      SeeInvis .   a - +0 mace
rCold   . . .      Faith    .   (no shield)
rNeg    + . .      Spirit   .   h - +0 plate armour
rPois   ∞          Reflect  .   (no helmet)
rElec   +          Harm     .   (no cloak)
rCorr   .          Rampage  .   (no gloves)
Will    ++...                   (no boots)
Stlth   ..........              (no amulet)
HPRegen 1.11/turn               (no ring)
MPRegen 0.09/turn               (no ring)

@: strong-willed, regenerating
A: sickness immunity, AC +4, negative energy resistance 1, electricity
resistance, torment resistance 1, petrification resistance
a: Renounce Religion, Berserk, Trog's Hand


You were on level 4 of the Dungeon.
You worshipped Trog.
Trog was pleased with you.
You visited 1 branch of the dungeon, and saw 4 of its levels.

You collected 124 gold pieces.

Inventory:

Hand Weapons
 a - a +0 mace (weapon)
Missiles
 g - 42 arrows
Armour
 b - a +0 animal skin
 d - a +0 ring mail
 h - a +0 plate armour (worn)
Jewellery
 k - a ring of resist corrosion
Scrolls
 e - 2 scrolls of enchant armour {unknown}
 f - 3 scrolls of identify {unknown}
 j - a scroll of blinking {unknown}
Potions
 c - a potion of mutation {unknown}
 i - a potion of heal wounds {unknown}
 l - a potion of magic {unknown}


   Skills:
 + Level 4.2 Fighting
 * Level 5.2 Maces & Flails
 + Level 3.2 Armour
 + Level 1.8 Dodging


You had 4 spell levels left.
You didn't know any spells.
Your spell library was empty.

Dungeon Overview and Level Annotations

Branches:
Dungeon (4/15)
 Temple: D:4-7

Altars:


Innate Abilities, Weirdness & Mutations

You are immune to sickness and miasma.
Your stone body is resilient. (AC +4)
You are immune to poison.
You resist negative energy. (rN+)
You are resistant to electric shocks. (rElec)
You are resistant to unholy torment.
You are immune to petrification.


Message History

The killer bee barely misses you.
The killer bee stings you but does no damage.
You miss the killer bee.
The killer bee is lightly wounded.
The killer bee stings you.
The killer bee stings you but does no damage.
The killer bee barely misses you.
You hit the killer bee.
The killer bee is moderately wounded.
The killer bee stings you but does no damage. x2
Your plate armour prevents you from hitting the killer bee.
The killer bee is moderately wounded.
The killer bee stings you. The killer bee barely misses you.
You hit the killer bee.
The killer bee is severely wounded.
The killer bee stings you but does no damage. x2
The killer bee closely misses you.
You hit the killer bee.
The killer bee is severely wounded.
The killer bee closely misses you. The killer bee barely misses you.
You thump the killer bee!
You kill the killer bee!
Trog accepts your kill.
The killer bee stings you but does no damage.
You hit the killer bee but do no damage.
The killer bee stings you.
* * * LOW HITPOINT WARNING * * *
The killer bee barely misses you. The killer bee stings you.
* * * LOW HITPOINT WARNING * * *
You closely miss the killer bee.
The killer bee stings you but does no damage. x2
You closely miss the killer bee. The killer bee stings you.
* * * LOW HITPOINT WARNING * * *
The killer bee closely misses you.
Your skin crawls.
You feel strong-willed. The killer bee stings you.
* * * LOW HITPOINT WARNING * * *
The killer bee stings you!
You die...

#......# #......#
#......# #......# # .
#####..[...#.#....
................). #.
#...##.y...##.#.#..
#.#.###...###y#.........
#.#>.......##@#.###...##
...........##.#.........
...........#.............
...........#####........#
...............+........
..............##........
#######........'...(....
#.#.....##...##.#.
#)#.....##...# +#


You could see 2 killer bees.

Vanquished Creatures
  A killer bee (D:4)
  A hound (D:4)
  4 gnolls (D:3)
  2 adders
  2 worms
  5 dart slugs
  An orc (D:4)
  3 ball pythons
  A bat (D:1)
  8 endoplasms
  A giant cockroach (D:1)
  9 goblins
  3 hobgoblins
  6 jackals (D:1)
  4 quokkas
  2 frilled lizards
  6 kobolds
  A rat (D:2)
60 creatures vanquished.

Notes
Turn   | Place    | Note
-------+----------+-------------------------------------------
     0 | D:1      | a11behringer the Gargoyle Berserker began the quest for the
                  | Orb.
     0 | D:1      | Reached XP level 1. HP: 14/14 MP: 1/1
   119 | D:1      | Reached XP level 2. HP: 19/19 MP: 2/2
   300 | D:1      | Reached XP level 3. HP: 24/24 MP: 3/3
   904 | D:2      | Reached ** piety under Trog
  1369 | D:2      | Reached skill level 4 in Maces & Flails
  1458 | D:2      | Found a faded altar of an unknown god.
  1474 | D:2      | Reached XP level 4. HP: 19/29 MP: 4/4
  2556 | D:3      | Reached XP level 5. HP: 11/33 MP: 5/5
  3193 | D:4      | Reached skill level 5 in Maces & Flails
  3260 | D:4      | Slain by a killer bee

Illustrated notes

Levels and vault maps discovered:
D:1:      co_arrival_square_in_a_square_in_a_square, layout_basic
D:2:      layout_loops_ring, shapermc_ecumenical_altar_notcrosses
D:3:      layout_loops_corners
D:4:      layout_basic, nicolae_ru_great_annihilating_truth, minmay_liquid_box,
          sigmund_edmund_badplayer

Skill      XL: |  1  2  3  4  5 |
---------------+----------------+-----
Maces & Flails | 4 5 |  5.2
Fighting       | 4 |  4.2
Armour         | 3 |  3.2
Dodging        | |  1.8

Action                   |  1- 3 |  4- 6 || total
-------------------------+-------+-------++-------
Melee: Mace              |    95 |    90 ||   185
Invok: Berserk           |     2 |     2 ||     4
       Trog's Hand       |       |     1 ||     1
Armor: Animal skin       |    11 |       ||    11
       Ring mail         |    35 |       ||    35
       Plate armour      |       |    72 ||    72
Dodge: Dodged            |    74 |    32 ||   106

Table legend: (Time is in decaauts)
 A = Elapsed time spent in this place.
 B = Non-inter-level travel time spent in this place.
 C = Inter-level travel time spent in this place.
 D = Time resting spent in this place.
 E = Time spent auto-exploring this place.
 F = Levels seen in this place.
 G = Mean time per level.
                   A        B        C        D        E       F      G
               +--------+--------+--------+--------+--------+-----+--------+
         Total |   3327 |   3041 |    286 |      0 |   2597 |   4 |  831.8 |
       Dungeon |   3327 |   3041 |    286 |      0 |   2597 |   4 |  831.8 |
               +--------+--------+--------+--------+--------+-----+--------+

Top non-repeatable levels by time:
     D:3: 1083 daAuts
     D:2: 1005 daAuts
     D:1: 918 daAuts
     D:4: 320 daAuts
